 Dungeon Crawl Stone Soup version 0.24.0-13-gcf9b319 (webtiles) character file.

Game seed: 7822440622788204024, levelgen mode: deterministic

121 Balder the Shield-Bearer (level 5, -2/33 HPs)
             Began as a Gargoyle Fighter on Dec 15, 2019.
             Killed from afar by Natasha (9 damage)
             ... with a magic dart
             ... on level 3 of the Dungeon.
             The game lasted 00:08:58 (1784 turns).

Balder the Shield-Bearer (Gargoyle Fighter)         Turns: 1784, Time: 00:08:59

Health: -2/33      AC:  0    Str: 19    XL:     5   Next: 5%
Magic:  5/5        EV: 17    Int:  9    God:
Gold:   162        SH:  0    Dex: 15    Spells: 4/4 levels left

rFire    . . .     SeeInvis .   (weapon currently unavailable)
rCold    . . .     Gourm    .   (shield currently unavailable)
rNeg     + . .     Faith    .   (armour currently unavailable)
rPois    ∞         Spirit   .   (helmet currently unavailable)
rElec    .         Reflect  .   (cloak currently unavailable)
rCorr    .         Harm     .   (gloves currently unavailable)
MR       .....                  (boots currently unavailable)
Stlth    ++........             (no amulet)
HPRegen  0.11/turn              (ring currently unavailable)
MPRegen  0.09/turn              (ring currently unavailable)

@: bat-form, flying, very quick
A: tiny, negative energy resistance 1, petrification resistance, rot immunity,
AC +4
a: no special abilities


You were on level 3 of the Dungeon.
You were not hungry.
You were in bat-form.
You visited 1 branch of the dungeon, and saw 4 of its levels.

You collected 162 gold pieces.

Inventory:

Hand Weapons
 a - a +0 flail (melded)
Armour
 b - a +0 scale mail (melded)
 c - a +0 shield (melded)
 k - a +0 pair of boots
 m - a cursed +0 chain mail
 q - a +0 cloak
Scrolls
 e - 5 scrolls of remove curse {unknown}
 g - a scroll of noise {unknown}
 h - a scroll of magic mapping {unknown}
 i - a scroll of enchant weapon {unknown}
 j - 3 scrolls of identify {unknown}
 p - a scroll of amnesia {unknown}
Potions
 l - a potion of haste {unknown}
 n - 4 potions of invisibility {unknown}
 o - a potion of heal wounds {unknown}
Comestibles
 d - 6 chunks of flesh
 f - 5 rations


   Skills:
 * Level 3.9 Fighting
 * Level 3.3 Maces & Flails
 * Level 3.7 Armour
 + Level 0.2 Dodging
 * Level 1.5 Stealth
 * Level 4.0 Shields


You had 4 spell levels left.
You didn't know any spells.
Your spell library was empty.

Dungeon Overview and Level Annotations

Branches:
Dungeon (4/15)
 Temple: D:4-7

Altars:
Dithmenos
Makhleb
Nemelex Xobeh
Trog

Annotations:
D:3 Natasha


Innate Abilities, Weirdness & Mutations

You are resistant to torment.
((Your stone body is resilient. (AC +4)))
You are immune to poison.
You resist negative energy. (rN+)
((You are resistant to electric shocks. (rElec)))
((You can survive without breathing.))
You are immune to petrification.
You are immune to rotting.


Message History

Natasha claws you but does no damage. You block the iron imp's attack.
You hit Natasha.
Natasha is severely wounded.
Natasha zaps a wand.
You turn into a bat.
Your +0 flail melds into your body.
Your +0 shield melds into your body.
Your +0 scale mail melds into your body.
The iron imp hits you.
* * * LOW HITPOINT WARNING * * *
Natasha misses you.
Some of the chunks of flesh in your inventory have rotted away.
You hit Natasha but do no damage.
Natasha is severely wounded.
You barely miss Natasha.
Natasha is severely wounded.
Natasha completely misses you. The iron imp misses you.
You completely miss Natasha.
Natasha is severely wounded.
Natasha casts a spell at you. The magic dart hits you!
You die...

....# #.##.##..##...........#.#
....# #.##.#......####.........
....#####.##.#.##..#####.........
..>..........(...................
....#####.##.###....###.##.......
....# #.##.###.##.#...###...<..
....# #.##.#........##....#.###
....# #.##.#...##.##...####..#
#########......5b......#######.##
#...........h........^......
#####...#######.#####.......
#...# #............. #...#
#............. #...#
#............. #...#
#...........#. #...#
#......<...### #...# #####.....##
#


You could see an iron imp and Natasha.

Vanquished Creatures
  Natasha (D:3)
  A worker ant (D:4)
  2 adders (D:2)
  A worm (D:3)
  2 dart slugs
  3 leopard geckos
  An orc (D:4)
  2 giant cockroaches
  5 goblins
  5 hobgoblins
  10 kobolds
  A ball python (D:3)
  4 bats
  2 frilled lizards
  4 rats (D:1)
  A toadstool (D:1)
45 creatures vanquished.

Vanquished Creatures (others)
  3 toadstools (D:1)
3 creatures vanquished.

Grand Total: 48 creatures vanquished

Notes
Turn   | Place    | Note
-------+----------+-------------------------------------------
     0 | D:1      | Balder the Gargoyle Fighter began the quest for the Orb.
     0 | D:1      | Reached XP level 1. HP: 14/14 MP: 1/1
   193 | D:1      | Reached XP level 2. HP: 19/19 MP: 2/2
   411 | D:1      | Reached skill level 1 in Stealth
   631 | D:2      | Reached XP level 3. HP: 22/23 MP: 3/3
  1074 | D:2      | Found a sparkling altar of Nemelex Xobeh.
  1311 | D:3      | Reached XP level 4. HP: 27/29 MP: 4/4
  1530 | D:3      | Noticed Natasha
  1540 | D:3      | Killed Natasha
  1661 | D:4      | Found a shadowy altar of Dithmenos.
  1661 | D:4      | Found a burning altar of Makhleb.
  1661 | D:4      | Found a bloodstained altar of Trog.
  1671 | D:4      | Reached skill level 4 in Shields
  1671 | D:4      | Reached XP level 5. HP: 33/33 MP: 5/5
  1700 | D:4      | Noticed a phantom
  1765 | D:3      | Noticed Natasha
  1784 | D:3      | Killed from afar by Natasha

Levels and vault maps discovered:
D:1:      ldierk_water_garden, layout_rooms
D:2:      layout_loops_ring, nemelex_xobeh_ov_fountains_minmay
D:3:      layout_rooms, nemelex_diamond_rough_becter, uniq_natasha
D:4:      layout_loops_cross, vehumet_crystals,
          chequers_temple_overflow_statue_of_worship, kennysheep_mini,
          first_ration, minivault_24, chei_slow_surprise, uniq_duvessa

Skill      XL: |  1  2  3  4 |
---------------+-------------+-----
Stealth        | 1 |  1.5
Maces & Flails | 3 |  3.3
Shields        | 4 |  4.0
Fighting       | |  3.9
Armour         | |  3.7
Dodging        | |  0.2

Action                   |  1- 3 |  4- 6 || total
-------------------------+-------+-------++-------
Melee: Flail             |   183 |    62 ||   245
       Unarmed           |       |     3 ||     3
  Use: Potion            |       |     1 ||     1
  Eat: Chunk             |     2 |     1 ||     3
Armor: Scale mail        |   111 |    32 ||   143
Dodge: Dodged            |    52 |    19 ||    71
Block: Shield            |   110 |    29 ||   139
